 Dungeon Crawl Stone Soup version 0.24-a0-366-gc1c896e988 (webtiles) character file.

Game seed: 1186095246596056141

1518 MisterOstroum the Skirmisher (level 8, -3/64 HPs)
             Began as a Demonspawn Wanderer on May 28, 2019.
             Slain by an orc warrior
             ... wielding a +0 halberd
              (6 damage)
             ... on level 6 of the Dungeon.
             The game lasted 00:38:05 (6777 turns).

MisterOstroum the Skirmisher (Demonspawn Wanderer)  Turns: 6777, Time: 00:38:05

Health: -3/64      AC: 15    Str: 16    XL:     8   Next: 54%
Magic:  9/9        EV:  9    Int: 13    God:
Gold:   205        SH:  0    Dex: 12    Spells: 9/9 levels left

rFire    . . .     SeeInvis +   C - +0 whip (elec)
rCold    . . .     Gourm    .   (no shield)
rNeg     . . .     Faith    .   d - +3 scale mail
rPois    .         Spirit   .   y - +0 hat
rElec    .         Reflect  .   E - +0 cloak
rCorr    .         Harm     .   o - +2 pair of gloves
MR       .....                  (no boots)
Stlth    ..........             (no amulet)
HPRegen  0.20/turn              v - ring of see invisible
MPRegen  0.11/turn              (no ring)

@: lightly drained
A: talons 1, molten scales 1, powered by death 1
a: no special abilities


You were on level 6 of the Dungeon.
You were not hungry.

You visited 2 branches of the dungeon, and saw 7 of its levels.
You also visited: Sewer.

You collected 402 gold pieces.
You spent 197 gold pieces at shops.

Inventory:

Hand Weapons
 a - a +0 mace of crushing
 C - a +0 whip of electrocution (weapon)
Missiles
 j - 81 stones (quivered)
 u - 5 boomerangs
Armour
 d - a +3 scale mail (worn)
 o - a +2 pair of gloves (worn)
 s - the +1 ring mail of Abstinence {rElec Regen+ Int-4}
   (You found it on level 5 of the Dungeon)

   It affects your intelligence (-4).
   It insulates you from electricity.
   It increases your rate of regeneration.
 y - a +0 hat (worn)
 E - a +0 cloak (worn)
Jewellery
 v - a ring of see invisible (left hand)
Scrolls
 c - 2 scrolls of teleportation {@r3 !r}
 i - 2 scrolls of magic mapping
 q - 4 scrolls of identify {@r1}
 r - 2 scrolls of amnesia
 w - 3 scrolls of remove curse
 B - 2 scrolls of immolation
Potions
 b - a potion of brilliance
 f - 2 potions of haste {@q4 !q}
 g - a potion of might {@q3 !q}
 h - a potion of invisibility {unknown}
 k - 2 potions of agility {@q5 !q}
 l - a potion of heal wounds {unknown}
 m - 2 potions of berserk rage {unknown}
 n - a potion of cancellation {unknown}
 t - 3 potions of curing {@q1 !q}
 x - 2 potions of magic {unknown}
 z - a potion of ambrosia {unknown}
 A - a potion of lignification {unknown}
Comestibles
 e - 12 rations
 p - 7 chunks of flesh


   Skills:
 + Level 6.3(6.1) Fighting
 + Level 5.1(5.0) Maces & Flails
   Level 1.0(0.8) Bows
 + Level 6.0(5.8) Throwing
 - Level 2.6(2.5) Armour
 - Level 1.0(0.8) Spellcasting
   Level 1.0(0.8) Charms
   Level 1.0(0.8) Fire Magic


You had 9 spell levels left.
You didn't know any spells.
Your spell library contained the following spells:

 Spells                   Type           Power        Failure   Level  Hunger
 Flame Tongue             Conj/Fire      #....        65%         1    ##.....
 Confusing Touch          Hex            #.....       71%         1    ##.....
 Conjure Flame            Conj/Fire      #.......     95%         3    ####...
 Confuse                  Hex            #.......     97%         3    ####...
 Gell's Gravitas          Tloc           #.........   97%         3    ####...
 Petrify                  Tmut/Erth      #.......     100%        4    #####..
 Bolt of Magma            Conj/Fire/Erth #.........   100%        5    ######.
 Iskenderun's Battlesphe  Conj/Chrm      #.......     100%        5    ######.
 Metabolic Englaciation   Hex/Ice        #.........   100%        5    ######.
 Venom Bolt               Conj/Pois      #.........   100%        5    ######.
 Yara's Violent Unravell  Hex/Tmut       #.........   100%        5    ######.
 Iron Shot                Conj/Erth      #.........   100%        6    #######
 Orb of Destruction       Conj           #.........   100%        7    #######
 Spellforged Servitor     Conj/Summ      #.........   100%        7    #######


Dungeon Overview and Level Annotations

Branches:
Dungeon (6/15)             Temple (1/1) D:5

Altars:
Ashenzari
Cheibriados
Elyvilon
Fedhas
Gozag
Hepliaklqana
Kikubaaqudgha
Makhleb
Nemelex Xobeh
Qazlal
Ru
Sif Muna
Trog
Uskayaw
Wu Jian
Xom
Zin

Shops:
D:4 !   D:5 *

Annotations:
D:4 exclusions: Eustachio and 1 more exclusion


Innate Abilities, Weirdness & Mutations

You have sharp toenails.
You are partially covered in molten scales. (AC +2)
You regenerate a little health from kills.


Message History

The orc shouts!
There are monsters nearby!
Throwing (i - inventory. (/) - cycle)
j - 90 stones (quivered)
Press: ? - help, Shift-Dir - straight line, f - orc
Aim: an orc You throw a stone.
The stone barely misses the orc.
An orc warrior comes into view. It is wielding a +0 halberd.
Unknown command.
Throwing (i - inventory. (/) - cycle)
j - 89 stones (quivered)
Press: ? - help, Shift-Dir - straight line, f/p - orc
Aim: an orc, wielding a -2 club You throw a stone.
The stone hits the orc.
The orc is lightly wounded.
Throwing (i - inventory. (/) - cycle)
j - 88 stones (quivered)
Press: ? - help, Shift-Dir - straight line, f/p - orc
Aim: an orc (lightly wounded)
You throw a stone. The stone barely misses the orc.
The stone closely misses the orc.
Throwing (i - inventory. (/) - cycle)
j - 87 stones (quivered)
Press: ? - help, Shift-Dir - straight line, f/p - orc
Aim: an orc (lightly wounded)
You throw a stone. The stone hits the orc.
The orc is heavily wounded.
Throwing (i - inventory. (/) - cycle)
j - 86 stones (quivered)
Press: ? - help, Shift-Dir - straight line, f/p - orc
Aim: an orc (heavily wounded)
You throw a stone. The stone hits the orc.
The orc is almost dead.
Throwing (i - inventory. (/) - cycle)
j - 85 stones (quivered)
Press: ? - help, Shift-Dir - straight line, f/p - orc
Aim: an orc (almost dead)
You throw a stone. The stone barely misses the orc.
The stone closely misses the orc warrior.
The stone hits the orc.
The orc is moderately wounded.
Throwing (i - inventory. (/) - cycle)
j - 84 stones (quivered)
Press: ? - help, Shift-Dir - straight line, f/p - orc
Aim: an orc (almost dead)
You throw a stone. The stone closely misses the orc.
The stone closely misses the orc warrior.
The stone barely misses the orc.
You barely miss the orc.
The orc is almost dead.
The orc hits you.
Your scale mail prevents you from hitting the orc.
Your kick misses the orc.
The orc is almost dead.
The orc barely misses you.
You hit the orc.
You kill the orc!
The orc warrior hits you from afar with a +0 halberd!
Throwing (i - inventory. (/) - cycle)
j - 83 stones (quivered)
Press: ? - help, Shift-Dir - straight line, f - orc warrior
Aim: an orc warrior, wielding a +0 halberd and wearing a +0 chain mail You throw a stone.
The stone hits the orc warrior.
The orc warrior is lightly wounded.
Throwing (i - inventory. (/) - cycle)
j - 82 stones (quivered)
Press: ? - help, Shift-Dir - straight line, f/p - orc warrior
Aim: an orc warrior, wielding a +0 halberd and wearing a +0 chain mail (lightly wounded)
You throw a stone.
The stone closely misses the orc warrior.
The stone barely misses the orc.
The orc warrior hits you from afar with a +0 halberd!!
You are too injured to fight recklessly!
You are too injured to fight recklessly!
The orc warrior hits you with a +0 halberd!!
* * * LOW HITPOINT WARNING * * *
You barely miss the orc warrior. Your kick misses the orc warrior.
The orc warrior is lightly wounded.
The orc warrior barely misses you.
Your scale mail prevents you from hitting the orc warrior.
The orc warrior is lightly wounded.
You hit the orc warrior but do no damage.
Your kick misses the orc warrior.
The orc warrior is lightly wounded.
The orc warrior barely misses you.
You hit the orc warrior but do no damage.
Lightning courses through the orc warrior!!
The orc warrior is severely wounded.
The orc warrior hits you but does no damage.
You closely miss the orc warrior.
The orc warrior is severely wounded.
The orc warrior hits you with a +0 halberd.
* * * LOW HITPOINT WARNING * * *
You hit the orc warrior.
The orc warrior is severely wounded.
You hit the orc warrior.
The orc warrior is almost dead.
The orc warrior hits you with a +0 halberd!
* * * LOW HITPOINT WARNING * * *
You barely miss the orc warrior.
The orc warrior is almost dead.
The orc warrior completely misses you.
You barely miss the orc warrior.
The orc warrior is almost dead.
You closely miss the orc warrior.
You claw the orc warrior, but do no damage.
The orc warrior is almost dead.
The orc warrior hits you with a +0 halberd.
You die...

#.# #))........#
#.####.##. #.#
#.###...##.#
#......... #.#
#.##.....#.#
######.### #.#
#.###...##.########)#
#.#######.#
##.###..........#
#.........# #.#
############
########### #.# #.#
#@# #o# #o# #(# #(#
#(# #(# .(. ((.


You could see an orc warrior and an orc.

Vanquished Creatures
  Sigmund (D:3)
  Eustachio (D:4)
  Purgy (D:4)
  An orc warrior (D:6)
  2 phantoms
  A crocodile (Sewer)
  A bullfrog (D:6)
  A scorpion (D:4)
  3 wights (D:6)
  A howler monkey (D:5)
  A crimson imp (D:6)
  2 jellies
  2 centaur skeletons
  An iguana (D:6)
  4 orc wizards
  A hound skeleton (D:6)
  6 gnolls
  4 adders
  A howler monkey skeleton (D:6)
  2 oozes
  An adder skeleton (D:4)
  3 worms
  7 leopard geckos
  20 orcs
  A ball python (D:3)
  3 giant cockroaches
  4 goblins
  8 hobgoblins
  11 jackals
  3 quokkas
  14 bats
  5 frilled lizards
  4 kobolds
  A leopard gecko skeleton (D:4)
  A leopard gecko zombie (D:6)
  A quokka skeleton (D:4)
  9 rats
133 creatures vanquished.

Notes
Turn   | Place    | Note
-------+----------+-------------------------------------------
     0 | D:1      | MisterOstroum the Demonspawn Wanderer began the quest for
                  | the Orb.
     0 | D:1      | MisterOstroum set off with the following items: a +0 club,
                  | a scroll of teleportation {@r3 !r}, a +2 scale mail, a
                  | ration; and the following spell memorised: Flame Tongue;
                  | and the following spells available to memorise: Conjure
                  | Flame
     0 | D:1      | Reached XP level 1. HP: 15/15 MP: 2/2
   407 | D:1      | Gained mutation: You regenerate a little health from kills.
                  | [demonic ancestry]
   407 | D:1      | Reached XP level 2. HP: 21/21 MP: 3/3
   671 | D:2      | Reached XP level 3. HP: 19/27 MP: 4/4
  1968 | D:3      | Noticed Sigmund
  2136 | D:3      | Killed Sigmund
  2136 | D:3      | Reached XP level 4. HP: 9/35 MP: 5/5
  2136 | D:3      | Gained mutation: You have sharp toenails. [demonic
                  | ancestry]
  2136 | D:3      | Reached XP level 5. HP: 11/41 MP: 6/6
  2762 | D:3      | Found a faded altar of an unknown god.
  2791 | D:3      | Reached XP level 6. HP: 48/48 MP: 7/7
  2871 | D:3      | Found an ancient bone altar of Kikubaaqudgha.
  3868 | D:4      | Found Vouxa's Distillery.
  3877 | D:4      | Bought a potion of curing for 30 gold pieces
  3877 | D:4      | Bought a potion of curing for 30 gold pieces
  3965 | D:4      | Noticed Purgy
  4026 | D:4      | Killed Purgy
  4026 | D:4      | Reached XP level 7. HP: 15/55 MP: 8/8
  4034 | D:4      | Noticed Eustachio
  4276 | D:4      | Killed Eustachio
  4631 | D:4      | Reached skill level 5 in Fighting
  4748 | D:4      | Reached skill level 5 in Throwing
  5028 | D:5      | Entered Level 5 of the Dungeon
  5169 | D:5      | Found Mustix's Assorted Antiques.
  5174 | D:5      | Bought a runed whip for 137 gold pieces
  5226 | D:5      | Found a staircase to the Ecumenical Temple.
  5266 | Temple   | Entered the Ecumenical Temple
  5830 | D:5      | Gained mutation: You are partially covered in molten
                  | scales. (AC +2) [demonic ancestry]
  5830 | D:5      | Reached XP level 8. HP: 63/63 MP: 9/9
  5843 | D:5      | Got a bronze ring mail
  5859 | D:5      | Identified the +1 ring mail of Abstinence {rElec Regen+
                  | Int-4} (You found it on level 5 of the Dungeon)
  6139 | D:6      | Found a glowing drain.
  6143 | Sewer    | Entered a sewer
  6522 | D:6      | Reached skill level 5 in Maces & Flails
  6774 | D:6      | HP: 2/64 [orc warrior/+0 halberd (7)]
  6777 | D:6      | Slain by an orc warrior

Levels and vault maps discovered:
D:1:      tarquinn_simple_flora_water_a, layout_basic
D:2:      layout_basic, first_ration
D:3:      layout_loops_ring, lemuel_doored_altar,
          chequers_ecumenical_altar_simple_redux, st_stairs_11,
          minmay_misc_feat_secret_circle, uniq_sigmund
D:4:      layout_basic, serial_shops, shop, serial_curves, eino_curves_01,
          eino_curves_01, eino_curves_01, eino_curves_04, uniq_eustachio,
          uniq_purgy
D:5:      layout_gridville, minmay_temple_entry_waves, serial_shops, shop
D:6:      layout_loops_corners, gup_sewer_entry_spiral
Temple:   regret_index_temple_sphere_string

Skill      XL: |  1  2  3  4  5  6  7  8 |
---------------+-------------------------+-----
Throwing       | 2 3 4 5 6 |  6.0
Fighting       | 2 3 4 5 6 |  6.3
Maces & Flails | 2 3 4 5 |  5.1
Bows           | |  1.0
Armour         | |  2.6
Spellcasting   | |  1.0
Charms         | |  1.0
Fire Magic     | |  1.0

Action                   |  1- 3 |  4- 6 |  7- 9 || total
-------------------------+-------+-------+-------++-------
Melee: Dagger            |    36 |       |       ||    36
       Club              |    10 |       |       ||    10
       Spear             |    17 |       |       ||    17
       Whip              |   131 |   189 |   244 ||   564
       Kick              |       |    48 |    54 ||   102
       Mace              |       |       |     4 ||     4
Throw: Stone             |    97 |    82 |    21 ||   200
       Javelin           |     6 |     3 |       ||     9
       Boomerang         |       |     4 |    82 ||    86
  Use: Potion            |       |     3 |     6 ||     9
       Scroll            |       |       |    11 ||    11
  Eat: Chunk             |     4 |     6 |     9 ||    19
Armor: Scale mail        |    94 |    99 |    82 ||   275
       Ring mail         |       |       |    63 ||    63
Dodge: Dodged            |    94 |    92 |   137 ||   323

Table legend:
 A = Non-vault XP
 B = Vault XP
 C = Vault XP percentage of total XP
 D = Non-vault monster count
 E = Vault monster count
 F = Vault count percentage of total count
                 A         B        C        D         E       F
            +---------+---------+-------+---------+---------+-------
      Total |    1495 |     674 |  31.1 |     112 |      21 |  15.8
            +---------+---------+-------+---------+---------+-------
        D:1 |      16 |       0 |   0.0 |      11 |       0 |   0.0
        D:2 |      78 |       4 |   4.9 |      19 |       2 |   9.5
        D:3 |     111 |     228 |  67.3 |      25 |       4 |  13.8
        D:4 |     439 |     291 |  39.9 |      31 |       2 |   6.1
        D:5 |     268 |       0 |   0.0 |       7 |       0 |   0.0
        D:6 |     583 |      40 |   6.4 |      19 |       7 |  26.9
      Sewer |       0 |     111 | 100.0 |       0 |       6 | 100.0
            +---------+---------+-------+---------+---------+-------
